 Dungeon Crawl Stone Soup version 0.27.1-3-gb3d3a73c9e (webtiles) character file.

Game seed: 14652831162448413716

71 earthworldpsion the Skirmisher (level 4, 0/41 HPs)
             Began as a Hill Orc Abyssal Knight on Oct 17, 2021.
             Was a Believer of Lugonu.
             Slain by an orc (5 damage)
             ... on level 3 of the Dungeon.
             The game lasted 00:11:43 (1885 turns).

earthworldpsion the Skirmisher (HOAK)               Turns: 1885, Time: 00:11:44

Health: 0/41       AC:  3    Str: 14    XL:     4   Next: 24%
Magic:  5/5        EV: 11    Int: 12    God:    Lugonu [**....]
Gold:   101        SH:  5    Dex: 17    Spells: 2/3 levels left

rFire    . . .     SeeInvis .   a - +1 hand axe
rCold    . . .     Faith    .   (no shield)
rNeg     . . .     Spirit   .   b - +0 leather armour
rPois    .         Reflect  +   (no helmet)
rElec    .         Harm     .   (no cloak)
rCorr    .         Rampage  .   (no gloves)
Will     .....                  (no boots)
Stlth    +.........             c - amulet of reflection
HPRegen  0.13/turn              e - +6 ring of dexterity
MPRegen  0.09/turn              (no ring)

@: no status effects
A: no striking features
a: Renounce Religion, Convert to Beogh, Depart the Abyss, Bend Space


You were on level 3 of the Dungeon.
You worshipped Lugonu.
Lugonu was pleased with you.
You visited 1 branch of the dungeon, and saw 3 of its levels.
You visited the Abyss 1 time.

You collected 101 gold pieces.

Inventory:

Hand Weapons
 a - a +1 hand axe (weapon)
 i - a +0 arbalest
Armour
 b - a +0 leather armour (worn)
 f - a +0 leather armour
Jewellery
 c - an amulet of reflection (around neck)
 e - a +6 ring of dexterity (left hand)
Scrolls
 d - a scroll of vulnerability {unknown}
 g - 2 scrolls of teleportation {unknown}
 j - a scroll of magic mapping {unknown}
Potions
 h - a potion of invisibility {unknown}


   Skills:
 * Level 4.3 Fighting
 * Level 3.9(4.0) Axes
 * Level 0.5(2.1) Polearms
 + Level 2.8 Armour
 + Level 0.8 Dodging
 * Level 1.3 Unarmed Combat
 + Level 2.4 Invocations


You had 2 spell levels left.
You knew the following spells:

 Your Spells              Type           Power      Damage    Failure   Level
a - Summon Small Mammal   Summ           0%         N/A       38%         1

Your spell library contained the following spells:

 Spells                   Type           Power      Damage    Failure   Level
 Call Canine Familiar     Summ           0%         N/A       77%         3
 Summon Guardian Golem    Hex/Summ       0%         N/A       77%         3


Dungeon Overview and Level Annotations

Branches:
Dungeon (3/15)

Altars:
The Shining One


Message History

You closely miss the orc priest. You closely miss the frilled lizard.
You barely miss the orc priest. You hit the orc but do no damage.
The orc priest miscasts a cantrip.
The frilled lizard barely misses you. The orc priest closely misses you.
The orc hits you with a +0 mace. The orc barely misses you.
You hit the orc priest.
The orc priest threatens, "By the altar or by the axe, you will meet Beogh!"
The orc priest is lightly wounded.
You closely miss the frilled lizard.
The orc priest shouts, "Surrender to Beogh and we'll let you live!"
You hit the orc priest. You hit the orc.
The orc priest hits you but does no damage.
The frilled lizard barely misses you.
The orc priest looks satisfied for a moment.
The orc hits you from afar with a +0 trident.
The orc barely misses you.
You hit the orc priest but do no damage.
The orc priest is lightly wounded.
The orc priest threatens, "By the altar or by the axe, you will meet Beogh!"
You hit the orc but do no damage.
The orc priest threatens, "By the altar or by the axe, you will meet Beogh!"
You hit the orc priest. You hit the frilled lizard.
You kill the frilled lizard!
Lugonu accepts your kill.
The orc priest calls down the wrath of Beogh upon you.
Pain shoots through your body! You block the orc priest's attack.
The orc completely misses you. The orc hits you with a +0 mace.
You hit the orc priest.
The orc priest is moderately wounded.
You hit the orc priest. You closely miss the orc.
The orc priest mumbles some strange prayers to Beogh against you.
Beogh smites you! You block the orc priest's attack.
The orc hits you with a +0 mace. The orc completely misses you.
The orc priest hits you with a +0 whip.
* * * LOW HITPOINT WARNING * * *
The orc priest hits you with a +0 short sword.
* * * LOW HITPOINT WARNING * * *
The orc hits you but does no damage.
The orc hits you from afar with a +0 trident.
You die...

### ### .. P..
.##.# P####...#
#≈PP....#
........#
#...P.≈†# #
..⌠⌠PPo@#.#.#..
.≈⌠...oo)......
#...P..o)...#..
...PP...#.###
.P......#..#
#..##.#$##.#
##. #.#.# .# #
#.#.# .# #.#.#


You could see 2 orc priests and 2 orcs.

Vanquished Creatures
  An adder (D:2)
  3 worms (D:2)
  A dart slug (D:2)
  4 orcs
  6 bats
  An endoplasm (D:2)
  2 giant cockroaches (D:1)
  5 goblins
  4 hobgoblins (D:1)
  5 jackals
  2 quokkas (D:1)
  2 ball pythons (D:1)
  2 frilled lizards
  4 kobolds
42 creatures vanquished.

Vanquished Creatures (collateral kills)
  A ball python (D:3)
1 creature vanquished.

Vanquished Creatures (others)
  2 plants (D:3)
2 creatures vanquished.

Grand Total: 45 creatures vanquished

Notes
Turn   | Place    | Note
-------+----------+-------------------------------------------
     0 | Abyss:1  | earthworldpsion the Hill Orc Abyssal Knight began the quest
                  | for the Orb.
     0 | Abyss:1  | Reached XP level 1. HP: 19/19 MP: 2/2
    18 | D:1      | Escaped the Abyss
   181 | D:1      | Reached XP level 2. HP: 22/27 MP: 3/3
   292 | D:1      | Reached skill level 4 in Fighting
   467 | D:1      | Learned a level 1 spell: Summon Small Mammal
   726 | D:1      | Reached XP level 3. HP: 28/33 MP: 4/4
   750 | D:2      | Reached ** piety under Lugonu
  1405 | D:2      | Reached skill level 1 in Unarmed Combat
  1574 | D:2      | Reached XP level 4. HP: 40/41 MP: 5/5
  1637 | D:2      | Found a glowing golden altar of the Shining One.
  1885 | D:3      | Slain by an orc

Illustrated notes

Levels and vault maps discovered:
D:1:      nzn_arrival_depleted_hourglass, layout_basic
D:2:      layout_loops_cross, basic_altar
D:3:      layout_loops_ring, shapermc_ecumenical_altar_mp_ritualfount,
          ebering_dispersal_statue_hall

Skill      XL: |  1  2  3 |
---------------+----------+-----
Axes           | 3 |  3.9
Fighting       | 4 |  4.3
Unarmed Combat | 1 |  1.3
Polearms       | |  0.5
Armour         | |  2.8
Dodging        | |  0.8
Invocations    | |  2.4

Action                   |  1- 3 |  4- 6 || total
-------------------------+-------+-------++-------
Melee: Hand axe          |   127 |    22 ||   149
 Cast: Summon Small Mamm |       |     1 ||     1
Armor: Leather armour    |    42 |     8 ||    50
Dodge: Dodged            |   108 |    18 ||   126
Block: Other             |    33 |     7 ||    40
